 Dungeon Crawl Stone Soup version 0.29-a0-380-gf50f0a9fbc (webtiles) character file.

Game seed: 12870539338969439783

831 bande the Chopper (level 7, 0/44 HPs)
             Began as a Gargoyle Fighter on May 5, 2022.
             Slain by Edmund
             ... wielding a +6 dire flail of protection
              (3 damage)
             ... on level 4 of the Dungeon.
             The game lasted 00:07:00 (4358 turns).

bande the Chopper (Gargoyle Fighter)                Turns: 4358, Time: 00:07:01

Health: 0/44       AC: 16    Str: 22    XL:     7   Next: 98%
Magic:  7/7        EV:  7    Int:  8    God:
Gold:   125        SH:  7    Dex: 11    Spells: 6/6 levels left

rFire   + . .      SeeInvis +   a - +0 war axe
rCold   . . .      Faith    .   r - +2 buckler
rNeg    + . .      Spirit   .   h - +0 chain mail
rPois   ∞          Reflect  .   (no helmet)
rElec   +          Harm     .   (no cloak)
rCorr   .          Rampage  .   (no gloves)
Will    .....                   (no boots)
Stlth   ..........              (no amulet)
HPRegen 0.14/turn               l - ring of protection from fire
MPRegen 0.10/turn               c - ring of see invisible

@: unable to read
A: sickness immunity, AC +4, negative energy resistance 1, electricity
resistance, torment resistance 1, petrification resistance, iridescent scales 1,
strong 1, evolution 1, inability to read while threatened
a: no special abilities


You were on level 4 of the Dungeon.
You visited 1 branch of the dungeon, and saw 4 of its levels.
You also visited: Ossuary.

You collected 125 gold pieces.

Inventory:

Hand Weapons
 a - a +0 war axe (weapon)
 o - a +0 war axe
Armour
 h - a +0 chain mail (worn)
 r - a +2 buckler (worn)
Jewellery
 c - a ring of see invisible (right hand)
 l - a ring of protection from fire (left hand)
Wands
 B - a wand of polymorph (10)
Scrolls
 j - a scroll of magic mapping {unknown}
 k - a scroll of enchant weapon {unknown}
 u - 2 scrolls of enchant armour {unknown}
 w - a scroll of fear {unknown}
 y - 2 scrolls of teleportation {unknown}
Potions
 d - a potion of might
 f - a potion of haste
 n - 2 potions of ambrosia
 p - 2 potions of invisibility
 s - a potion of heal wounds
 t - a potion of berserk rage {unknown}
 v - 2 potions of resistance
 x - 2 potions of lignification {unknown}
 z - a potion of curing {unknown}
 A - a potion of cancellation {unknown}


   Skills:
 + Level 5.0 Fighting
 + Level 5.9 Axes
 + Level 5.0 Armour
 + Level 4.9 Shields


You had 6 spell levels left.
You didn't know any spells.
Your spell library contained the following spells:

 Spells                   Type           Power      Damage    Failure   Level
 Blink                    Tloc           0%         N/A       100%        2
 Lesser Beckoning         Tloc           0%         N/A       100%        3
 Iskenderun's Battlesphe  Conj           0%         2d6       100%        5
 Manifold Assault         Tloc           0%         N/A       100%        5
 Iron Shot                Conj/Erth      0%         9d1       100%        6
 Spellforged Servitor     Conj/Summ      0%         N/A       100%        7


Dungeon Overview and Level Annotations

Branches:
Dungeon (4/15)            Ossuary (visited)
 Temple: D:4-7

Altars:
Dithmenos
Hepliaklqana
Ru
Uskayaw
Wu Jian
Xom
Yredelemnul
The Shining One

Annotations:
D:4 Edmund


Innate Abilities, Weirdness & Mutations

You are immune to sickness and miasma.
Your stone body is resilient. (AC +4)
You are immune to poison.
You resist negative energy. (rN+)
You are resistant to electric shocks. (rElec)
You are resistant to unholy torment.
You are immune to petrification.
You are partially covered in iridescent scales. (AC +2)
Your muscles are strong. (Str +2)
You have hidden genetic potential.
You sometimes lose the ability to read scrolls when taking damage.


Message History

Edmund asks, "Have you met my wondrous brother?"
Edmund hits you with a +6 dire flail of protection.
* * * LOW HITPOINT WARNING * * *
Edmund barely misses you.
You feel much better.
Edmund hits you with a +6 dire flail of protection!
You hit Edmund but do no damage.
Edmund is heavily wounded.
You block Edmund's attack.
You barely miss Edmund.
Edmund is heavily wounded.
Edmund hits you with a +6 dire flail of protection.
You slash Edmund!
Edmund is heavily wounded.
Edmund barely misses you.
You hit Edmund but do no damage.
Edmund is heavily wounded.
Edmund hits you with a +6 dire flail of protection.
Edmund says, "I might not be good at magic, but I can still kill you!"
Edmund hits you with a +6 dire flail of protection!
You hit Edmund but do no damage.
Edmund is heavily wounded.
Edmund hits you but does no damage.
You barely miss Edmund.
Edmund is heavily wounded.
Edmund says, "I might not be good at magic, but I can still kill you!"
Edmund hits you but does no damage.
You slash Edmund!
Edmund is severely wounded.
Edmund hits you with a +6 dire flail of protection!
* * * LOW HITPOINT WARNING * * *
You hit Edmund.
Edmund is severely wounded.
Edmund hits you but does no damage.
Edmund hits you with a +6 dire flail of protection.
* * * LOW HITPOINT WARNING * * *
You hit Edmund.
Edmund is almost dead.
Edmund hits you with a +6 dire flail of protection.
You die...

...........##..####..#
...........##..#......
..........###.#.......
##.......###..........
###....## #.#........
###### ##..........
#...........
##...........
#....@...)...
#....@.......
#..............
...............
####...........
#...........
##...!......
###........


You could see Edmund.

Vanquished Creatures
  Pikel (D:4)
  A scorpion (D:4)
  A human zombie (Ossuary)
  2 centaur zombies (Ossuary)
  2 jellies
  5 mummies (Ossuary)
  4 adders
  An orc (D:4)
  10 ball pythons
  A bat (D:3)
  7 endoplasms
  5 giant cockroaches
  3 goblins
  7 hobgoblins
  6 kobolds
  3 frilled lizards (D:2)
  2 goblin zombies (Ossuary)
  A hobgoblin zombie (Ossuary)
  A kobold zombie (Ossuary)
  An orc zombie (Ossuary)
  4 rats
68 creatures vanquished.

Notes
Turn   | Place    | Note
-------+----------+-------------------------------------------
     0 | D:1      | bande the Gargoyle Fighter began the quest for the Orb.
     0 | D:1      | Reached XP level 1. HP: 14/14 MP: 1/1
    94 | D:1      | Found a faded altar of an unknown god.
   399 | D:1      | Reached XP level 2. HP: 19/19 MP: 2/2
   947 | D:2      | Found a shadowy altar of Dithmenos.
  1511 | D:2      | Reached XP level 3. HP: 21/23 MP: 3/3
  2025 | D:3      | Reached XP level 4. HP: 27/29 MP: 4/4
  2337 | D:3      | Found an ornate altar of the Wu Jian Council.
  2337 | D:3      | Found a hazy altar of Hepliaklqana.
  2342 | D:3      | Found a shimmering altar of Xom.
  2345 | D:3      | Found a glowing golden altar of the Shining One.
  2347 | D:3      | Found a basalt altar of Yredelemnul.
  2352 | D:3      | Found a sacrificial altar of Ru.
  2388 | D:3      | Found a faded altar of an unknown god.
  2496 | D:4      | Found a sand-covered staircase.
  2509 | Ossuary  | Entered an ossuary
  2541 | Ossuary  | Reached XP level 5. HP: 9/33 MP: 5/5
  3280 | Ossuary  | Reached XP level 6. HP: 37/38 MP: 6/6
  3448 | D:4      | Found a hide-covered altar of Uskayaw.
  3511 | D:4      | Noticed Pikel
  3543 | D:4      | Killed Pikel
  3544 | D:4      | Reached skill level 5 in Axes
  3544 | D:4      | Reached skill level 5 in Armour
  3544 | D:4      | Reached XP level 7. HP: 27/44 MP: 7/7
  3699 | D:4      | Gained mutation: Your muscles are strong. (Str +2) [potion
                  | of mutation]
  3699 | D:4      | Gained mutation: You sometimes lose the ability to read
                  | scrolls when taking damage. [potion of mutation]
  3699 | D:4      | Gained mutation: You have hidden genetic potential. [potion
                  | of mutation]
  3699 | D:4      | Gained mutation: You are partially covered in iridescent
                  | scales. (AC +2) [potion of mutation]
  3934 | D:4      | Identified the +6 short sword of Fedhas's Benevolence
                  | {vorpal, Str+4}
  4234 | D:4      | Reached skill level 5 in Fighting
  4341 | D:4      | Noticed Edmund
  4358 | D:4      | Slain by Edmund

Illustrated notes

Levels and vault maps discovered:
D:1:      lightli_arrival_statue_moat, layout_basic,
          chequers_ecumenical_altar_simple
D:2:      layout_loops_corners, basic_altar
D:3:      layout_rooms, nicolae_overflow_hallway_of_the_gods,
          nicolae_overflow_ecumenical_swirl, kennysheep_cluttered_room,
          minmay_stone_trees_small
D:4:      minmay_skewed_foursquare, layout_cave_pods,
          nicolae_uskayaw_murder_on_the_dancefloor,
          nicolae_ossuary_entry_monument, uniq_edmund, uniq_pikel

Skill      XL: |  1  2  3  4  5  6  7 |
---------------+----------------------+-----
Axes           | 2 3 4 5 |  5.9
Armour         | 4 5 |  5.0
Fighting       | 4 5 |  5.0
Shields        | 4 |  4.9

Action                   |  1- 3 |  4- 6 |  7- 9 || total
-------------------------+-------+-------+-------++-------
Melee: War axe           |    62 |   162 |    32 ||   256
  Use: Potion            |       |     2 |     2 ||     4
       Scroll            |       |       |     7 ||     7
Armor: Chain mail        |    39 |    67 |    11 ||   117
Dodge: Dodged            |    21 |    51 |     8 ||    80
Block: Buckler           |    17 |    59 |     9 ||    85

Table legend: (Time is in decaauts)
 A = Elapsed time spent in this place.
 B = Non-inter-level travel time spent in this place.
 C = Inter-level travel time spent in this place.
 D = Time resting spent in this place.
 E = Time spent auto-exploring this place.
 F = Levels seen in this place.
 G = Mean time per level.
                   A        B        C        D        E       F      G
               +--------+--------+--------+--------+--------+-----+--------+
         Total |   4450 |   4450 |      0 |    599 |   2900 |   5 |  890.0 |
       Dungeon |   3546 |   3546 |      0 |    122 |   2672 |   4 |  886.5 |
       Ossuary |    903 |    903 |      0 |    477 |    228 |   1 |  903.0 |
               +--------+--------+--------+--------+--------+-----+--------+

Top non-repeatable levels by time:
     D:2: 1105 daAuts
     D:4: 1014 daAuts
 Ossuary: 903 daAuts
     D:1: 882 daAuts
     D:3: 544 daAuts
